AoeStats
← WoodChuckle

Northern Isles

510429474Analyzed
1v1 RM · 2d ago on Oct 1, 2026· 72m 13s· 2 players
Game mode
Random Map
Map size
Tiny (2 player)
Population
200
Speed
Normal
Resources
Standard
Victory
Conquest
Starting age
Dark Age
Ending age
Imperial Age
RankedLock teamsTeams togetherTeam positionsShared explorationLock speedFull tech treeHidden civsTurbo modeCheats
Victory
Defeat
🇺🇸 Khmer · United States
871
+17
🇺🇸 Chinese · United States
898
-36
Pseudoskills
9:30 Loom
11:15 Feudal Age
16:25 Castle Age
15:25 Double-Bit Axe
17:44 Wheelbarrow
18:00 Bow Saw
18:10 Fishing Lines
18:43 Gillnets
20:06 Medium Warships
26:08 Gold Mining
27:06 Hand Cart
26:37 Town Watch
29:15 Gold Shaft Mining
28:48 Stone Mining
30:12 Stone Shaft Mining
32:14 Tusk Swords
32:28 Scale Barding Armor
32:33 Forging
32:14 Fletching
32:38 Fervor
39:48 Imperial Age
40:18 Ballistics
39:54 Murder Holes
40:25 Chain Barding Armor
40:40 Iron Casting
40:01 Bodkin Arrow
41:06 Heavy Warships
41:51 Chemistry
40:50 Murder Holes
42:34 Elite Ballista Elephant
43:01 Elite Cannon Galleon
50:02 Siphons
50:08 Clinker Construction
50:08 Careening
63:43 Double Crossbow
64:52 Carvel Hull
65:13 Plate Barding Armor
WoodChuckle
9:01 Loom
11:37 Feudal Age
12:54 Wheelbarrow
13:06 Double-Bit Axe
15:23 Gold Mining
15:20 Fishing Lines
15:31 Town Watch
16:56 Horse Collar
20:55 Castle Age
19:39 Fletching
22:06 Hand Cart
22:56 Gold Shaft Mining
22:37 Bodkin Arrow
23:08 Medium Warships
24:05 Forging
25:57 Gillnets
29:15 Bow Saw
30:03 Thumb Ring
30:29 Town Patrol
31:13 Iron Casting
39:39 Imperial Age
40:06 Stone Mining
39:46 Crossbowman
42:56 Heavy Warships
41:54 Pikeman
43:07 Ballistics
43:48 Chemistry
43:01 Bracer
44:03 Blast Furnace
44:30 Arbalester
44:33 Elite Skirmisher
44:38 Elite Fire Lancer
45:21 Squires
45:07 Arson
44:46 Halberdier
45:33 Padded Archer Armor
48:04 Leather Archer Armor
47:50 Scale Mail Armor
47:55 Scale Barding Armor
50:41 Ring Archer Armor
50:27 Chain Mail Armor
50:06 Arrowslits
Connection lost

Rejoining the realm…

Still unreachable

The connection could not be restored.

Session expired

The server has moved on; the page needs a fresh start.